[Event "ICC tourney 3278 (40 10)"]
[Site "Internet Chess Club"]
[Date "2023.09.09"]
[Round "1"]
[White "BOGIN, THEODORE:tbogin1"]
[Black "DUBE, DANIEL:betterone76"]
[Result "0-1"]
[ICCResult "White resigns"]
[WhiteElo "1800"]
[BlackElo "1505"]
[Opening "Old Benoni: Franco-Benoni defense"]
[ECO "B21"]
[NIC "SI.48"]
[Time "11:00:36"]
[PlyCount "52"]
[TimeControl "2400+10"]

1. e4 c5 2. d4 e6 3. d5 exd5 4. exd5 d6 5. c4 Nf6 6. Nc3 Be7 7. Bd3 Bg4 8.
Nge2 Bxe2 9. Qxe2 O-O 10. O-O Nbd7 11. Bf4 a6 12. g4 g6 13. Rae1 Re8 14. Qf3
Bf8 15. g5 Nh5 16. Bd2 Ne5 17. Qh3 Nxd3 18. Qxd3 Qd7 19. Qf3 Rxe1 20. Rxe1
Re8 21. Ne4 Bg7 22. Bc3 Bxc3 23. bxc3 Qf5 24. Qxf5 gxf5 25. Rb1 Rxe4 26.
Rxb7 Nf4 {White resigns} 0-1

[Event "ICC tourney 3278 (40 10)"]
[Site "Internet Chess Club"]
[Date "2023.09.09"]
[Round "1"]
[White "VUYYURU, SHRIYAN:loudcertainlava"]
[Black "JAIN, PIYUSH:Piyush786"]
[Result "0-1"]
[ICCResult "White checkmated"]
[WhiteElo "1676"]
[BlackElo "1862"]
[Opening "Queen's pawn game, Krause variation"]
[ECO "D02"]
[NIC "TD.06"]
[Time "11:00:42"]
[PlyCount "106"]
[TimeControl "2400+10"]

1. Nf3 d5 2. d4 c5 3. e3 Nc6 4. c4 e6 5. Nc3 Nf6 6. cxd5 exd5 7. Bb5 Bg4 8.
h3 Bxf3 9. Qxf3 cxd4 10. exd4 Be7 11. O-O O-O 12. Be3 a6 13. Ba4 Qd6 14. Bb3
Rad8 15. Rfd1 Rfe8 16. Bf4 Qd7 17. Na4 b5 18. Nc5 Nxd4 19. Nxd7 Nxf3+ 20.
gxf3 Rxd7 21. Rac1 d4 22. Rc6 a5 23. a4 Nh5 24. Be5 bxa4 25. Bxa4 Rd5 26. f4
Red8 27. Re1 Bb4 28. Rd1 d3 29. Bc7 Rc8 30. Rc4 d2 31. Rc2 Nf6 32. Kf1 Ne4
33. Ke2 Rc5 34. Ke3 R8xc7 35. Rxc5 Nxc5 36. Bb5 Rb7 37. Bc6 Re7+ 38. Kd4 Re1
39. Bf3 Rxd1 40. Bxd1 Kf8 41. Kc4 Ke7 42. Kb5 Kd6 43. b3 Kd5 44. f5 Ke5 45.
f6 Kxf6 46. f4 Kf5 47. h4 Kxf4 48. h5 Ke3 49. h6 gxh6 50. Bc2 Ke2 51. Be4
d1=Q 52. Bf3+ Kxf3 53. Kc4 Qd3# {White checkmated} 0-1

[Event "ICC tourney 3278 (40 10)"]
[Site "Internet Chess Club"]
[Date "2023.09.09"]
[Round "1"]
[White "Jadeja, Avichal:avichaljadeja02"]
[Black "Malhotra, Rehaan:MrRap"]
[Result "0-1"]
[ICCResult "White resigns"]
[WhiteElo "1749"]
[BlackElo "1460"]
[Opening "Sicilian: Najdorf, 7...Be7"]
[ECO "B98"]
[NIC "SI.09"]
[Time "11:00:59"]
[PlyCount "52"]
[TimeControl "2400+10"]

1. e4 c5 2. Nf3 d6 3. d4 cxd4 4. Nxd4 Nf6 5. Nc3 a6 6. Bg5 e6 7. f4 Be7 8.
Qf3 Nbd7 9. O-O-O O-O 10. Bd3 h6 11. Bh4 b5 12. g4 Bb7 13. Rdg1 e5 14. Nf5
exf4 15. g5 Ne5 16. Nxh6+ Kh7 17. Qxf4 Nh5 18. Qf5+ g6 19. Qh3 b4 20. Ne2 d5
21. Ng3 Bxg5+ 22. Kb1 Bxh4 23. Nxh5 Kxh6 24. Nf4 dxe4 25. Ng2 Nf3 26. Be2
Bc8 {White resigns} 0-1

[Event "ICC tourney 3278 (40 10)"]
[Site "Internet Chess Club"]
[Date "2023.09.09"]
[Round "1"]
[White "HONG, HUNTER:hunterhong"]
[Black "MALAKAR, SAARTHAK:iamvoltu"]
[Result "0-1"]
[ICCResult "White resigns"]
[WhiteElo "1476"]
[BlackElo "1791"]
[Opening "Caro-Kann: advance variation"]
[ECO "B12"]
[NIC "CK.04"]
[Time "11:03:13"]
[PlyCount "72"]
[TimeControl "2400+10"]

1. e4 c6 2. d4 d5 3. e5 Bf5 4. Nf3 e6 5. a3 c5 6. c3 Nc6 7. Be3 Qb6 8. b4 c4
9. Nbd2 a5 10. Be2 h6 11. O-O f6 12. exf6 Nxf6 13. Ne5 Bd6 14. Bh5+ Ke7 15.
Nxc6+ Qxc6 16. Be2 g5 17. f4 g4 18. g3 h5 19. Kg2 h4 20. Rh1 Rh7 21. Qc1
Rah8 22. Qb2 Ne4 23. Rhg1 hxg3 24. hxg3 Rh2+ 25. Kf1 R8h3 26. Nxe4 Bxe4 27.
Qc1 Bf3 28. Bxf3 gxf3 29. Qd1 Re2 30. Bf2 Rh2 31. Qxe2 fxe2+ 32. Kxe2 Qa4
33. Rgd1 Qc2+ 34. Rd2 Rxf2+ 35. Kxf2 Qxd2+ 36. Kf3 Qxc3+ {White resigns} 0-1

[Event "ICC tourney 3278 (40 10)"]
[Site "Internet Chess Club"]
[Date "2023.09.09"]
[Round "1"]
[White "S.M, UMER:uncrackable"]
[Black "SKARIAH, ANUSHKA ELIZABETH:kskariah"]
[Result "1-0"]
[ICCResult "Black checkmated"]
[WhiteElo "1845"]
[BlackElo "1559"]
[Opening "Queen's pawn game, Krause variation"]
[ECO "D02"]
[NIC "QP.08"]
[Time "11:00:42"]
[PlyCount "129"]
[TimeControl "2400+10"]

1. d4 d5 2. Nf3 c5 3. dxc5 e6 4. a3 Bxc5 5. b4 Bd6 6. Bb2 Nf6 7. e3 a6 8. c4
O-O 9. Nbd2 b6 10. Qc2 Bb7 11. Be2 Nbd7 12. O-O Rc8 13. Qb3 Qe7 14. Rfd1
dxc4 15. Bxc4 b5 16. Bf1 e5 17. Nh4 Bd5 18. Qd3 e4 19. Qe2 Qe6 20. g3 g5 21.
Ng2 Ne5 22. Ne1 g4 23. Rac1 Rfd8 24. Bd4 Nf3+ 25. Nexf3 gxf3 26. Qe1 Be5 27.
Bxe5 Qxe5 28. Rxc8 Rxc8 29. Rc1 Rd8 30. Rc2 Qh5 31. Qa1 Qh6 32. Qd4 Re8 33.
Rc5 Ng4 34. h3 Nf6 35. Rxd5 Nxd5 36. Qxd5 Qe6 37. Qd4 f5 38. h4 Rc8 39. Bh3
Qf7 40. Qe5 Rd8 41. Nxe4 fxe4 42. Be6 Rd1+ 43. Kh2 Rd2 44. Bxf7+ Kxf7 45.
Qf5+ Kg7 46. Qe5+ Kf7 47. Qxe4 Rxf2+ 48. Kh3 h5 49. Qf5+ Kg7 50. Qg5+ Kf8
51. Qxh5 Rf1 52. Qc5+ Kg8 53. h5 Rh1+ 54. Kg4 f2 55. Qc8+ Kg7 56. Qb7+ Kf6
57. Qxh1 Ke5 58. Kf3 f1=Q+ 59. Qxf1 Kd5 60. Qd3+ Ke5 61. h6 Kf6 62. Qd4+ Ke6
63. h7 Ke7 64. h8=Q Kf7 65. Qdf6# {Black checkmated} 1-0

[Event "ICC tourney 3278 (40 10)"]
[Site "Internet Chess Club"]
[Date "2023.09.09"]
[Round "1"]
[White "Ryerson, Olivia:oliviaryerson"]
[Black "DENG, MICHAEL:K03-16811908"]
[Result "0-1"]
[ICCResult "White checkmated"]
[WhiteElo "1330"]
[BlackElo "1735"]
[Opening "Queen's pawn: London system"]
[ECO "A45"]
[NIC "QP.07"]
[Time "11:07:14"]
[PlyCount "76"]
[TimeControl "2400+10"]

1. d4 Nf6 2. Bf4 g6 3. e3 Bg7 4. Nd2 O-O 5. Bd3 d6 6. c3 Nfd7 7. f3 e5 8.
dxe5 dxe5 9. Bg3 Nc5 10. Be4 f5 11. Bc2 Be6 12. Nb3 Nba6 13. Bf2 Qg5 14. g3
Rad8 15. Qe2 e4 16. Nxc5 Nxc5 17. Qb5 Qe7 18. Nh3 exf3 19. Nf4 a6 20. Qb4
Bf7 21. e4 b6 22. Bd4 fxe4 23. O-O Rfe8 24. Rad1 Nb7 25. Qxe7 Rxe7 26. Rfe1
Bxd4+ 27. Rxd4 Rxd4 28. cxd4 Nd6 29. Kf2 g5 30. Nh3 h6 31. Ng1 Re8 32. Bb3
Bxb3 33. axb3 g4 34. h3 h5 35. hxg4 hxg4 36. d5 Nf5 37. b4 e3+ 38. Kf1 Nxg3#
{White checkmated}
0-1

[Event "ICC tourney 3278 (40 10)"]
[Site "Internet Chess Club"]
[Date "2023.09.09"]
[Round "1"]
[White "BERKLEY, DARRIN K:drberkley"]
[Black "Zhang, Ellery:elleryzhang"]
[Result "1/2-1/2"]
[ICCResult "Game drawn by mutual agreement"]
[WhiteElo "1865"]
[BlackElo "1695"]
[Opening "Sicilian: Grand Prix attack"]
[ECO "B23"]
[NIC "SI.44"]
[Time "11:00:45"]
[PlyCount "114"]
[TimeControl "2400+10"]

1. e4 c5 2. Nc3 Nc6 3. f4 d6 4. Nf3 g6 5. Bb5 Bg7 6. O-O Nf6 7. d3 O-O 8.
Bxc6 bxc6 9. h3 d5 10. e5 Nd7 11. Qe1 Nb6 12. b3 Re8 13. Qf2 c4 14. dxc4
dxc4 15. Be3 cxb3 16. axb3 Nd5 17. Nxd5 Qxd5 18. Rfd1 Qb5 19. Rxa7 Rxa7 20.
Bxa7 Qb7 21. Bc5 Be6 22. Qd4 f6 23. Qe3 fxe5 24. Nxe5 Bf5 25. Rd2 Qc8 26. g4
Be6 27. c4 Kh8 28. Qe4 Rd8 29. Rxd8+ Qxd8 30. Qxc6 Bxe5 31. fxe5 Qd1+ 32.
Kg2 Qe2+ 33. Bf2 Qxe5 34. Qf3 Kg7 35. Qd3 Qd6 36. Bd4+ Kg8 37. Qe4 Bd7 38.
Qd5+ Qxd5+ 39. cxd5 Bc8 40. Kf3 Bb7 41. Ke4 e6 42. Ke5 Bxd5 43. b4 Kf7 44.
Kd6 Ke8 45. Kc7 Bc4 46. Bf6 h5 47. Kc6 hxg4 48. hxg4 g5 49. b5 Be2 50. b6
Bxg4 51. Kd6 Bf3 52. Bxg5 Kf7 53. Kc7 Kg6 54. Bf4 Kf5 55. Bd6 e5 56. b7 Bxb7
57. Kxb7 e4 {Game drawn by mutual agreement} 1/2-1/2

[Event "ICC tourney 3278 (40 10)"]
[Site "Internet Chess Club"]
[Date "2023.09.09"]
[Round "1"]
[White "SYED, TAIMOOR:containedplay"]
[Black "MILLER, MICHAEL A:knighthawkmill"]
[Result "1-0"]
[ICCResult "Black resigns"]
[WhiteElo "1540"]
[BlackElo "1839"]
[Opening "French: Winawer (Nimzovich) variation"]
[ECO "C15"]
[NIC "FR.08"]
[Time "11:21:44"]
[PlyCount "121"]
[TimeControl "2400+10"]

1. e4 e6 2. d4 d5 3. Nc3 Bb4 4. Bd3 Ne7 5. Bg5 f6 6. Bh4 Ng6 7. Qh5 Qd7 8.
exd5 Bxc3+ 9. bxc3 Qf7 10. Bxg6 Qxg6 11. Qxg6+ hxg6 12. Bg3 Na6 13. dxe6
Bxe6 14. Ne2 Kf7 15. O-O Rae8 16. Nf4 Bc4 17. Nd3 Re2 18. Rfc1 Rhe8 19. a4
Rd2 20. Bf4 Rde2 21. Be3 g5 22. Kf1 Bxd3 23. cxd3 Rb2 24. Rab1 Rxb1 25. Rxb1
b6 26. Rb5 c6 27. Rb2 Nc7 28. c4 Kg6 29. a5 Rb8 30. g4 Na6 31. axb6 axb6 32.
Ke2 b5 33. Kf3 b4 34. Rb3 Kf7 35. Bd2 Ke6 36. Ke4 g6 37. f4 gxf4 38. Bxf4
Rb7 39. Bg3 Kd7 40. Be1 Ke6 41. Bg3 Kd7 42. h4 Ke6 43. Bf4 Rh7 44. Bg3 Rb7
45. Be1 Rb8 46. Bd2 Rb7 47. d5+ cxd5+ 48. cxd5+ Kf7 49. Kd4 f5 50. gxf5 gxf5
51. Bf4 Kg6 52. d6 Kf7 53. Kd5 Nb8 54. Kc5 Na6+ 55. Kc6 Rb8 56. Bg5 Rc8+ 57.
Kb7 Rc3 58. Rxc3 bxc3 59. Kxa6 c2 60. Kb7 c1=Q 61. Bxc1 {Black resigns} 1-0

[Event "ICC tourney 3278 (40 10)"]
[Site "Internet Chess Club"]
[Date "2023.09.09"]
[Round "2"]
[White "DUBE, DANIEL:betterone76"]
[Black "S.M, UMER:uncrackable"]
[Result "0-1"]
[ICCResult "White resigns"]
[WhiteElo "1505"]
[BlackElo "1845"]
[Opening "King's Indian: 5.Nf3"]
[ECO "E90"]
[NIC "KI.20"]
[Time "13:15:17"]
[PlyCount "50"]
[TimeControl "2400+10"]

1. d4 Nf6 2. c4 g6 3. Nc3 Bg7 4. e4 d6 5. Nf3 O-O 6. h3 c5 7. d5 b5 8. cxb5
a6 9. bxa6 Bxa6 10. Bxa6 Nxa6 11. O-O Qb6 12. Qe2 Rfb8 13. Rb1 Nd7 14. Bd2
Nb4 15. a3 Nc2 16. Qd3 Nd4 17. Nxd4 cxd4 18. Nd1 Ne5 19. Qe2 Rxa3 20. Kh1
Rb3 21. f4 d3 22. Qe3 Nc4 23. Qxb6 R3xb6 24. Bc3 Bxc3 25. Nxc3 Nd2
{White resigns}
0-1

[Event "ICC tourney 3278 (40 10)"]
[Site "Internet Chess Club"]
[Date "2023.09.09"]
[Round "2"]
[White "SHANKAR, AASHRITHA VIDHYA:aashushankar"]
[Black "BERKLEY, DARRIN K:drberkley"]
[Result "0-1"]
[ICCResult "White checkmated"]
[WhiteElo "1496"]
[BlackElo "1865"]
[Opening "Pirc: classical system, 5.Be2"]
[ECO "B08"]
[NIC "PU.01"]
[Time "13:16:08"]
[PlyCount "148"]
[TimeControl "2400+10"]

1. e4 d6 2. d4 Nf6 3. Nc3 g6 4. Nf3 Bg7 5. Be2 O-O 6. O-O Bg4 7. h3 Bxf3 8.
Bxf3 Nc6 9. d5 Nb8 10. Re1 Nfd7 11. Bd2 c6 12. dxc6 Nxc6 13. Rb1 Rc8 14. Nd5
Nde5 15. Bc3 e6 16. Nf4 Qf6 17. Nd3 Nxf3+ 18. gxf3 e5 19. f4 Qh4 20. fxe5
dxe5 21. Qg4 Qxg4+ 22. hxg4 Nd4 23. Bxd4 exd4 24. Rbc1 Rc7 25. Nb4 Bh6 26.
Rcd1 a5 27. Nd5 Rxc2 28. Rxd4 Rxb2 29. Ra4 b5 30. Ra3 Rd8 31. f3 a4 32. Rf1
Bf8 33. Rc3 Rxa2 34. Rb1 Rb8 35. Nf6+ Kg7 36. Nd7 Rb7 37. Nc5 Bxc5+ 38. Rxc5
b4 39. Rc4 b3 40. Rd4 b2 41. Rdd1 a3 42. Kf2 Ra1 43. Rxa1 bxa1=Q 44. Rxa1
Rb3 45. Ke2 g5 46. Kf2 Kf6 47. Ke2 Ke5 48. Rd1 Rb2+ 49. Ke3 Rb3+ 50. Ke2 Kf4
51. Rd5 Re3+ 52. Kf2 Rxf3+ 53. Ke2 Kxg4 54. Ra5 h5 55. e5 Rb3 56. Ra4+ Kf5
57. Ra5 Rb2+ 58. Kd3 a2 59. Kc3 Rf2 60. Kb3 h4 61. Rxa2 Rxa2 62. Kxa2 h3 63.
Kb3 h2 64. Kc4 h1=Q 65. Kd4 Qe4+ 66. Kc5 Qxe5+ 67. Kc4 g4 68. Kd3 g3 69. Kc4
g2 70. Kd3 g1=Q 71. Kc4 Qgd4+ 72. Kb3 Qee3+ 73. Ka2 Qdd2+ 74. Ka1 Qee1#
{White checkmated}
0-1

[Event "ICC tourney 3278 (40 10)"]
[Site "Internet Chess Club"]
[Date "2023.09.09"]
[Round "2"]
[White "MALAKAR, SAARTHAK:iamvoltu"]
[Black "SYED, TAIMOOR:containedplay"]
[Result "1-0"]
[ICCResult "Black resigns"]
[WhiteElo "1791"]
[BlackElo "1540"]
[Opening "Queen's pawn"]
[ECO "A40"]
[NIC "QO.17"]
[Time "13:15:23"]
[PlyCount "73"]
[TimeControl "2400+10"]

1. d4 e6 2. Nf3 d5 3. g3 Nf6 4. c4 Nbd7 5. Bg2 b6 6. Nc3 Bb7 7. cxd5 exd5 8.
Bf4 a6 9. O-O Bb4 10. Rc1 O-O 11. Ne5 Ne4 12. Nxe4 dxe4 13. Nxd7 Qxd7 14.
Rxc7 Qd5 15. a3 g5 16. Bxg5 Bd6 17. Rd7 Bc6 18. Rxd6 Qxd6 19. Qd2 Rfe8 20.
Rd1 Bd5 21. Bh3 Qg6 22. Qf4 Be6 23. Bg2 f5 24. d5 h6 25. Bxh6 Rad8 26. d6
Rd7 27. Qe3 Rh7 28. Bf4 b5 29. Qb6 Qh5 30. Kf1 Bc4 31. Rd2 Rd7 32. Qxa6 Qh8
33. Qc6 Qxb2 34. Rxb2 Red8 35. Rd2 Kf7 36. Bg5 Rh8 37. Qxd7+ {Black resigns}
1-0

[Event "ICC tourney 3278 (40 10)"]
[Site "Internet Chess Club"]
[Date "2023.09.09"]
[Round "2"]
[White "JAIN, PIYUSH:Piyush786"]
[Black "HELMSEN, GAVIN:ghelmsen"]
[Result "1-0"]
[ICCResult "Black resigns"]
[WhiteElo "1862"]
[BlackElo "1700"]
[Opening "French: Réti (Spielmann) variation"]
[ECO "C00"]
[NIC "FR.01"]
[Time "13:15:18"]
[PlyCount "93"]
[TimeControl "2400+10"]

1. e4 e6 2. b3 d5 3. Bb2 dxe4 4. Nc3 f5 5. d3 exd3 6. Bxd3 Nf6 7. Qe2 g6 8.
O-O-O Bh6+ 9. Kb1 Qe7 10. Nf3 O-O 11. h4 c6 12. h5 Nxh5 13. Rxh5 gxh5 14.
Rh1 Bg7 15. Rxh5 e5 16. Bc4+ Kh8 17. Nh4 Qe8 18. Bd3 e4 19. Nxe4 Bxb2 20.
Ng5 Qxe2 21. Rxh7+ Kg8 22. Bxe2 b5 23. Kxb2 Bd7 24. Ng6 Rf6 25. Bh5 Be8 26.
Rh8+ Kg7 27. Rxe8 Rxg6 28. Bxg6 Kxg6 29. Ne6 a5 30. Nd4 Kf7 31. Rc8 Ke7 32.
Nxc6+ Kd7 33. Rxb8 Rxb8 34. Nxb8+ Kc7 35. Na6+ Kb6 36. Kc3 Kxa6 37. Kd4 a4
38. bxa4 bxa4 39. Ke5 Ka5 40. Kxf5 Kb4 41. g4 Ka3 42. g5 Kxa2 43. g6 Kb2 44.
g7 a3 45. g8=Q a2 46. Qxa2+ Kxa2 47. c4 {Black resigns} 1-0

[Event "ICC tourney 3278 (40 10)"]
[Site "Internet Chess Club"]
[Date "2023.09.09"]
[Round "2"]
[White "SKARIAH, ANUSHKA ELIZABETH:kskariah"]
[Black "Jadeja, Avichal:avichaljadeja02"]
[Result "1/2-1/2"]
[ICCResult "Game drawn by mutual agreement"]
[WhiteElo "1559"]
[BlackElo "1749"]
[Opening "Sicilian: dragon, classical, Richter variation"]
[ECO "B73"]
[NIC "SI.16"]
[Time "13:15:59"]
[PlyCount "111"]
[TimeControl "2400+10"]

1. e4 c5 2. Nf3 d6 3. d4 cxd4 4. Nxd4 Nf6 5. Nc3 g6 6. Be3 Bg7 7. Be2 O-O 8.
O-O Nc6 9. Qd2 d5 10. Nxc6 bxc6 11. exd5 cxd5 12. Rad1 e6 13. Bd4 Rb8 14. b3
Qa5 15. Ne4 Qxd2 16. Nxf6+ Bxf6 17. Rxd2 Bxd4 18. Rxd4 Rb6 19. Rfd1 Ba6 20.
c4 Rc8 21. f4 Rb4 22. Kf2 dxc4 23. Rc1 Kg7 24. Bxc4 Bxc4 25. Rcxc4 Rbxc4 26.
Rxc4 Rxc4 27. bxc4 Kf6 28. Ke3 e5 29. Ke4 exf4 30. Kd5 g5 31. c5 g4 32. Ke4
f3 33. gxf3 gxf3 34. Kxf3 Ke5 35. Kg4 f5+ 36. Kg5 h6+ 37. Kh4 Kd5 38. Kg3
Kxc5 39. Kf4 Kb4 40. Kxf5 Ka3 41. Kg6 Kxa2 42. Kxh6 a5 43. h4 a4 44. h5 a3
45. Kg7 Kb3 46. h6 a2 47. h7 a1=Q+ 48. Kg8 Qa8+ 49. Kg7 Qg2+ 50. Kh8 Qh3 51.
Kg7 Qg4+ 52. Kh8 Qh5 53. Kg7 Qg5+ 54. Kh8 Qh6 55. Kg8 Qg6+ 56. Kh8
{Game drawn by mutual agreement}
1/2-1/2

[Event "ICC tourney 3278 (40 10)"]
[Site "Internet Chess Club"]
[Date "2023.09.09"]
[Round "2"]
[White "HONG, HUNTER:hunterhong"]
[Black "BOGIN, THEODORE:tbogin1"]
[Result "0-1"]
[ICCResult "White checkmated"]
[WhiteElo "1476"]
[BlackElo "1800"]
[Opening "French: advance, Paulsen attack"]
[ECO "C02"]
[NIC "FR.03"]
[Time "13:15:55"]
[PlyCount "150"]
[TimeControl "2400+10"]

1. e4 e6 2. d4 d5 3. e5 c5 4. c3 Nc6 5. Nf3 f6 6. exf6 gxf6 7. a3 Qc7 8. b4
c4 9. Be3 Bd7 10. Be2 O-O-O 11. O-O Bd6 12. a4 Nge7 13. Nbd2 Nf5 14. a5 Nxe3
15. fxe3 e5 16. Qa4 e4 17. b5 Ne7 18. Ne1 Bxh2+ 19. Kh1 Nf5 20. Rf2 Ng3+ 21.
Kxh2 Nxe2+ 22. Kh1 Nxc3 23. Qc2 Qg3 24. Nf1 Qh4+ 25. Nh2 Nxb5 26. Rf4 Qg5
27. Qa2 Nxd4 28. Qb2 Nb3 29. Ra3 Rhg8 30. Qc3 Bh3 31. Rf2 Qg3 32. Kg1 Qe5
33. Rxb3 Qxc3 34. Rxc3 f5 35. Nc2 Rg3 36. Nd4 Rdg8 37. Rcc2 Rxe3 38. Nxf5
Bxf5 39. Rxf5 Rd3 40. Rf7 e3 41. Rxh7 Rd2 42. Rc1 Rgxg2+ 43. Kh1 e2 44. Rh8+
Kc7 45. Rh7+ Kc6 46. Rh6+ Kc5 47. Nf3 Rd1+ 48. Kxg2 Rxc1 49. Kf2 Rc2 50. Rh7
Rb2 51. a6 bxa6 52. Rxa7 Kb6 53. Rd7 c3 54. Rd8 Kc5 55. Rc8+ Kb4 56. Ne1 Rd2
57. Rb8+ Ka4 58. Rc8 d4 59. Ra8 a5 60. Rc8 Ka3 61. Kf3 a4 62. Re8 Kb2 63.
Rb8+ Ka2 64. Rb4 a3 65. Kf2 d3 66. Ke3 Rd1 67. Nxd3 Rxd3+ 68. Kxe2 Rd2+ 69.
Ke1 Rb2 70. Rc4 Kb1 71. Rxc3 a2 72. Kd1 Rh2 73. Rd3 a1=Q 74. Rb3+ Ka2+ 75.
Rb1 Qxb1# {White checkmated} 0-1

[Event "ICC tourney 3278 (40 10)"]
[Site "Internet Chess Club"]
[Date "2023.09.09"]
[Round "2"]
[White "Zhang, Ellery:elleryzhang"]
[Black "MILLER, MICHAEL A:knighthawkmill"]
[Result "1-0"]
[ICCResult "Black checkmated"]
[WhiteElo "1695"]
[BlackElo "1839"]
[Opening "French: Tarrasch"]
[ECO "C03"]
[NIC "FR.14"]
[Time "13:15:44"]
[PlyCount "113"]
[TimeControl "2400+10"]

1. d4 e6 2. e4 d5 3. Nd2 a5 4. Bd3 a4 5. a3 c5 6. dxc5 Bxc5 7. exd5 exd5 8.
Ndf3 Bg4 9. Bb5+ Nc6 10. Bxc6+ bxc6 11. h3 Qe7+ 12. Qe2 Qxe2+ 13. Nxe2 Bxf3
14. gxf3 Nf6 15. O-O h6 16. Be3 Nd7 17. Nd4 Bxd4 18. Bxd4 f6 19. Rfe1+ Kf7
20. f4 Rhe8 21. Kf1 c5 22. Be3 d4 23. Bd2 Rxe1+ 24. Rxe1 Rb8 25. Rb1 Nb6 26.
b3 Nc4 27. Bc1 axb3 28. Rxb3 Rxb3 29. cxb3 Na5 30. b4 cxb4 31. axb4 Nb3 32.
Bb2 d3 33. Ke1 Ke6 34. Kd1 g6 35. b5 f5 36. Be5 Kd5 37. b6 Kc6 38. Bc7 g5
39. fxg5 hxg5 40. Bd8 g4 41. h4 Nc5 42. h5 Ne6 43. Bc7 f4 44. h6 Nf8 45. Kd2
g3 46. fxg3 fxg3 47. Bxg3 Kxb6 48. Kxd3 Kc6 49. Ke4 Kd7 50. Kf5 Ke7 51. Bh4+
Kf7 52. Bf6 Nh7 53. Bg7 Kg8 54. Kg6 Nf8+ 55. Bxf8 Kh8 56. Bg7+ Kg8 57. h7#
{Black checkmated}
1-0

[Event "ICC tourney 3278 (40 10)"]
[Site "Internet Chess Club"]
[Date "2023.09.09"]
[Round "2"]
[White "DENG, MICHAEL:K03-16811908"]
[Black "Malhotra, Rehaan:MrRap"]
[Result "1-0"]
[ICCResult "Black checkmated"]
[WhiteElo "1735"]
[BlackElo "1460"]
[Opening "Sicilian: Najdorf, Opocensky variation"]
[ECO "B92"]
[NIC "SI.10"]
[Time "13:15:24"]
[PlyCount "103"]
[TimeControl "2400+10"]

1. e4 c5 2. Nf3 d6 3. d4 cxd4 4. Nxd4 Nf6 5. Nc3 a6 6. Be2 Nc6 7. O-O e6 8.
Be3 Be7 9. f4 Bd7 10. Kh1 Rc8 11. Bf3 O-O 12. Qd2 Nxd4 13. Bxd4 Bc6 14. Rad1
Qc7 15. a4 Rfd8 16. Qf2 Qd7 17. Bb6 Rf8 18. a5 Bb5 19. Rfe1 Ne8 20. Be2 Bxe2
21. Rxe2 Qc6 22. Red2 Bf6 23. Rd3 Be7 24. R1d2 Nf6 25. Qf3 Nd7 26. Bd4 Nc5
27. Qg4 g6 28. Re3 Rfd8 29. f5 Bf8 30. Rh3 Bg7 31. f6 Bh8 32. Qh4 h5 33. Rg3
Kf8 34. Qf4 Ke8 35. Qh6 Kd7 36. Re2 e5 37. Bg1 Bxf6 38. Nd5 Ke6 39. Rf3 Bh8
40. c4 Nd7 41. Qg5 Re8 42. g4 f6 43. Qxg6 hxg4 44. Qxg4+ Kf7 45. Qh5+ Ke6
46. Qf5+ Kf7 47. Qh7+ Ke6 48. b3 Rcd8 49. Rg2 Rc8 50. Rg8 Nc5 51. Rxh8 Qd7
52. Rxf6# {Black checkmated} 1-0

[Event "ICC tourney 3278 (40 10)"]
[Site "Internet Chess Club"]
[Date "2023.09.09"]
[Round "3"]
[White "BERKLEY, DARRIN K:drberkley"]
[Black "BOGIN, THEODORE:tbogin1"]
[Result "1-0"]
[ICCResult "Black resigns"]
[WhiteElo "1865"]
[BlackElo "1800"]
[Opening "French: Winawer (Nimzovich) variation"]
[ECO "C15"]
[NIC "FR.08"]
[Time "15:32:01"]
[PlyCount "40"]
[TimeControl "2400+10"]

1. e4 e6 2. Nc3 d5 3. d4 Bb4 4. Qg4 Bxc3+ 5. bxc3 Ne7 6. Qxg7 Rg8 7. Qxh7 c5
8. Nf3 Qc7 9. Ne5 Rf8 10. Bh6 Nec6 11. Ng6 Qa5 12. O-O-O Nd7 13. Nxf8 Nxf8
14. Qh8 Qxc3 15. Qxf8+ Kd7 16. Qxc5 Qa1+ 17. Kd2 Qxa2 18. Bd3 b6 19. Qc3
dxe4 20. Bxe4 Qa4 {Black resigns} 1-0

[Event "ICC tourney 3278 (40 10)"]
[Site "Internet Chess Club"]
[Date "2023.09.09"]
[Round "3"]
[White "Malhotra, Rehaan:MrRap"]
[Black "SYED, TAIMOOR:containedplay"]
[Result "0-1"]
[ICCResult "White checkmated"]
[WhiteElo "1460"]
[BlackElo "1540"]
[Opening "Sicilian: Labourdonnais-Löwenthal variation"]
[ECO "B32"]
[NIC "SI.32"]
[Time "15:30:44"]
[PlyCount "114"]
[TimeControl "2400+10"]

1. e4 c5 2. Nf3 Nc6 3. d4 cxd4 4. Nxd4 e5 5. Nf3 Nf6 6. Nc3 Bb4 7. Bd3 h6 8.
Bd2 d6 9. h3 O-O 10. O-O Be6 11. a3 Ba5 12. Re1 Rc8 13. Ne2 Bb6 14. Nc3 Ne7
15. Qe2 Ng6 16. Rac1 a6 17. Na4 Ba7 18. Nc3 Re8 19. Be3 Nf4 20. Bxf4 exf4
21. Qd2 Qb6 22. Rb1 Nh5 23. Ne2 Qxf2+ 24. Kh2 Bb8 25. Rf1 Qc5 26. Nfd4 Bd7
27. Nb3 Qe5 28. Kh1 d5 29. Nbd4 dxe4 30. Bxe4 Qxe4 31. Nc3 Ng3+ 32. Kg1 Qe3+
33. Qxe3 fxe3 34. Rfe1 Ba7 35. Nf3 Rxc3 36. bxc3 Bc6 37. Nd4 e2 38. Kh2 Nf1+
39. Kg1 Nd2 40. Rb4 Bc5 41. Rb2 Bxa3 42. Ra2 Bc5 43. Kf2 Ne4+ 44. Kg1 Nxc3
45. Rb2 Bxd4+ 46. Kh2 Nd5 47. c4 Bxb2 48. cxd5 Bxd5 49. Rb1 Bc3 50. Rc1 e1=Q
51. Rxe1 Bxe1 52. Kg1 Bg3 53. Kf1 a5 54. Kg1 a4 55. Kf1 a3 56. Kg1 a2 57.
Kf1 a1=Q# {White checkmated} 0-1

[Event "ICC tourney 3278 (40 10)"]
[Site "Internet Chess Club"]
[Date "2023.09.09"]
[Round "3"]
[White "VUYYURU, SHRIYAN:loudcertainlava"]
[Black "DUBE, DANIEL:betterone76"]
[Result "1-0"]
[ICCResult "Black checkmated"]
[WhiteElo "1676"]
[BlackElo "1505"]
[Opening "Queen's Indian: 4.Nc3"]
[ECO "E12"]
[NIC "NI.26"]
[Time "15:30:45"]
[PlyCount "49"]
[TimeControl "2400+10"]

1. Nf3 Nf6 2. c4 e6 3. d4 b6 4. Nc3 Bb4 5. Bd2 O-O 6. e3 Bb7 7. Bd3 Bxc3 8.
Bxc3 Ne4 9. O-O f5 10. Qc2 d6 11. Nd2 Nxd2 12. Qxd2 Nd7 13. f3 Qh4 14. Qf2
Qh5 15. b4 c5 16. bxc5 dxc5 17. Bc2 Rac8 18. Bb3 Ba6 19. Rfd1 cxd4 20. Rxd4
Nc5 21. Rad1 e5 22. Rh4 Qe8 23. Qg3 Rc7 24. Bxe5 Rc6 25. Qxg7#
{Black checkmated}
1-0

[Event "ICC tourney 3278 (40 10)"]
[Site "Internet Chess Club"]
[Date "2023.09.09"]
[Round "3"]
[White "Jadeja, Avichal:avichaljadeja02"]
[Black "Ryerson, Olivia:oliviaryerson"]
[Result "1-0"]
[ICCResult "Black checkmated"]
[WhiteElo "1749"]
[BlackElo "1330"]
[Opening "Sicilian: Kan, Maróczy bind (Réti variation)"]
[ECO "B28"]
[NIC "SI.43"]
[Time "15:30:42"]
[PlyCount "73"]
[TimeControl "2400+10"]

1. e4 c5 2. Nf3 a6 3. c4 e6 4. d4 cxd4 5. Nxd4 Nc6 6. Nc3 Bc5 7. Nxc6 bxc6
8. Be2 Nf6 9. O-O Bb7 10. Bg5 h6 11. Bh4 O-O 12. Qd2 Be7 13. Rad1 Bc8 14. e5
Ne8 15. Bxe7 Qxe7 16. Ne4 Nc7 17. Nd6 Rd8 18. c5 Nb5 19. Bxb5 axb5 20. b4
Ba6 21. Rfe1 Ra7 22. Re4 Rda8 23. Rg4 f5 24. exf6 Qxf6 25. Rf4 Qg5 26. Qd4
Qd5 27. Qa1 Qg5 28. Rf3 Bc8 29. a3 Qe7 30. Rf7 Qg5 31. Rd3 Qg6 32. Rxg7+
Qxg7 33. Rg3 Qxg3 34. hxg3 Rxa3 35. Qf6 Ba6 36. Qg6+ Kh8 37. Nf7#
{Black checkmated}
1-0